 Dungeon Crawl Stone Soup version 0.23.2-1-ga50397a6bc (webtiles) character file.

Game seed: 17205029904625060468

259 Morbidden the Ruffian (level 6, -7/32 HPs)
             Began as a Vine Stalker Fighter on May 5, 2019.
             Killed by divine providence
             ... invoked by an orc priest
              (11 damage)
             ... on level 4 of the Dungeon.
             The game lasted 00:07:04 (3269 turns).

Morbidden the Ruffian (Vine Stalker Fighter)        Turns: 3269, Time: 00:07:05

Health: -7/32      AC:  7    Str: 21    XL:     6   Next: 17%
Magic:  0/9        EV:  7    Int:  8    God:
Gold:   170        SH:  9    Dex: 13    Spells: 8/8 levels left

rFire    . . .     SeeInvis .     - Unarmed
rCold    . . .     Gourm    .   b - +0 shield
rNeg     . . .     Faith    .   a - +0 scale mail
rPois    .         Spirit   +   k - +0 helmet
rElec    .         Reflect  .   j - scarf {repulsion}
rCorr    +         Harm     .   (no gloves)
MR       .....                  (no boots)
Stlth    ..........             l - amulet of magic regeneration
HPRegen  0.50/turn              m - ring of resist corrosion
MPRegen  0.36/turn              (no ring)

@: repel missiles
A: fangs 2, regeneration 1, magic shield, antimagic bite, no potion heal 3, rot
immunity
a: no special abilities


You were on level 4 of the Dungeon.
You were near starving.

You visited 1 branch of the dungeon, and saw 4 of its levels.
You also visited: Sewer.

You collected 170 gold pieces.

Inventory:

Armour
 a - a +0 scale mail (worn)
 b - a +0 shield (worn)
 j - a scarf of repulsion (worn)
 k - a +0 helmet (worn)
Jewellery
 l - an amulet of magic regeneration (around neck)
 m - a ring of resist corrosion (left hand)
 o - an uncursed ring of fire
Scrolls
 c - a scroll of enchant armour {unknown}
 f - 2 scrolls of identify {unknown}
 g - 2 scrolls of remove curse
 n - 7 scrolls of teleportation
 q - a scroll of amnesia {unknown}
Potions
 e - 5 potions of flight
 h - 2 potions of cancellation
 i - 3 potions of heal wounds {unknown}
 p - a potion of curing
 r - a potion of berserk rage {unknown}
Comestibles
 d - 5 rations


   Skills:
 * Level 3.5 Fighting
 + Level 2.8 Armour
 + Level 0.6 Dodging
 + Level 3.2 Shields
 * Level 4.5 Unarmed Combat
 * Level 1.5 Spellcasting


You had 8 spell levels left.
You didn't know any spells.
Your spell library was empty.

Dungeon Overview and Level Annotations

Branches:
Dungeon (4/15)
 Temple: D:4-7

Altars:
The Shining One

Shops:
D:4 (


Innate Abilities, Weirdness & Mutations

You have extremely sharp teeth.
Your natural rate of healing is unusually fast.
When hurt, damage is shared between your health and your magic reserves.
Your bite disrupts and absorbs the magic of your enemies.
Potions cannot restore your health.
You are immune to rotting.


Message History

You punch the orc priest!
The orc priest is severely wounded.
You block the orc's attack. You block the orc priest's attack.
Unknown command.
You hit the orc priest.
The orc priest is severely wounded.
The orc hits you but does no damage. x2; You block the orc priest's attack.
The orc priest calls down the wrath of Beogh upon you.
You struggle to resist.
Unknown command.
You closely miss the orc priest.
The orc priest is severely wounded.
The orc barely misses you. The orc closely misses you.
The orc priest hits you but does no damage.
The orc priest hits you.
* * * LOW HITPOINT WARNING * * *
Unknown command.
The orc priest invokes the aid of Beogh against you.
Beogh smites you!
You die...

#.### #... .... #.
#..# #.# #..####..#
... .........####.#
##
...l...oo........###
#oo#.##.#....
...####@.#.##.#..#
#......#.##...)###
#.###.##.##.##...
#.......##.#
#.##.......#
#.########.# #.# #.#
.# #.# #.# .# #.#
#.# .#


You could see 2 orc priests and 2 orcs.

Vanquished Creatures
  A centaur skeleton (D:4)
  A merfolk siren (Sewer)
  A merfolk avatar (Sewer)
  6 adders
  3 river rats
  A dart slug (D:3)
  3 leopard geckos
  An orc (D:4)
  10 bats
  7 giant cockroaches
  10 goblins
  8 hobgoblins
  6 jackals
  6 ball pythons
  9 frilled lizards
  6 kobolds
  31 rats
110 creatures vanquished.

Notes
Turn   | Place    | Note
-------+----------+-------------------------------------------
     0 | D:1      | Morbidden the Vine Stalker Fighter began the quest for the
                  | Orb.
     0 | D:1      | Reached XP level 1. HP: 11/11 MP: 2/2
   144 | D:1      | Reached XP level 2. HP: 13/16 MP: 3/3
   485 | D:1      | Reached XP level 3. HP: 15/20 MP: 4/4
   923 | D:2      | Found a glowing golden altar of the Shining One.
  1075 | D:2      | Gained mutation: Your natural rate of healing is unusually
                  | fast. [Vine Stalker growth]
  1075 | D:2      | Reached XP level 4. HP: 17/24 MP: 6/6
  1099 | D:2      | Reached skill level 3 in Unarmed Combat
  1660 | D:3      | Found a glowing drain.
  1674 | D:3      | Reached skill level 1 in Spellcasting
  1704 | D:3      | Reached XP level 5. HP: 28/28 MP: 7/7
  1712 | Sewer    | Entered a sewer
  1946 | Sewer    | Reached skill level 4 in Unarmed Combat
  2113 | Sewer    | Noticed a malarious merfolk avatar
  2131 | Sewer    | Killed a malarious merfolk avatar
  2409 | D:3      | Reached XP level 6. HP: 32/32 MP: 9/9
  3207 | D:4      | Found Met Edud's Antique Weapon Boutique.
  3269 | D:4      | Killed from afar by an orc priest

Skill      XL: |  1  2  3  4  5 |
---------------+----------------+-----
Fighting       | 3 |  3.5
Unarmed Combat | 3 4 |  4.5
Shields        | 3 |  3.2
Spellcasting   | 1 |  1.5
Armour         | |  2.8
Dodging        | |  0.6

Action                   |  1- 3 |  4- 6 || total
-------------------------+-------+-------++-------
Melee: Unarmed           |   140 |   194 ||   334
       Bite              |    31 |    50 ||    81
  Use: Scroll            |       |     1 ||     1
       Potion            |       |     7 ||     7
  Eat: Chunk             |     1 |     5 ||     6
Armor: Scale mail        |    67 |    78 ||   145
       Skin              |       |     5 ||     5
Dodge: Dodged            |    50 |    50 ||   100
Block: Shield            |    83 |    90 ||   173
